AoeStats
← Wigglz2

Oasis

509969879Analyzed
2v2 RM · 5d ago on Sep 28, 2026· 54m 14s· 4 players
Game mode
Random Map
Map size
Medium (4 player)
Population
200
Speed
Normal
Resources
Standard
Victory
Conquest
Starting age
Dark Age
Ending age
Imperial Age
RankedLock teamsTeams togetherTeam positionsShared explorationLock speedFull tech treeHidden civsTurbo modeCheats
Victory
Defeat
🇺🇸 Khmer · United States
1047
+20
🇺🇸 Varangians · United States
1047
+20
🇬🇧 Poles · United Kingdom
1169
-21
🇦🇷 Danes · Argentina
1118
-19
Marco Aurelio
8:47 Feudal Age
9:27 Double-Bit Axe
12:07 Horse Collar
13:41 Wheelbarrow
16:37 Castle Age
15:12 Stone Mining
18:35 Forging
18:43 Gold Mining
19:07 Fletching
27:56 Loom
28:35 Scale Mail Armor
29:34 Iron Casting
31:28 Bodkin Arrow
35:15 Heavy Plow
36:35 Gold Shaft Mining
37:47 Hand Cart
37:47 Bow Saw
42:21 Imperial Age
39:14 Elite Skirmisher
39:56 Padded Archer Armor
40:58 Stone Shaft Mining
41:54 Leather Archer Armor
42:08 Ballistics
43:06 Bracer
43:45 Conscription
44:29 Ring Archer Armor
45:01 Chemistry
46:38 Siege Engineers
52:22 Crossbowman
53:46 Thumb Ring
Hate
5:45 Loom
12:57 Feudal Age
14:14 Double-Bit Axe
17:27 Castle Age
15:14 Horse Collar
19:36 Fletching
20:39 Bodkin Arrow
21:31 Heavy Plow
23:55 Ballistics
28:52 Wheelbarrow
31:13 Imperial Age
29:05 Bow Saw
29:20 Scale Barding Armor
30:19 Hand Cart
30:31 Chain Barding Armor
30:37 Bloodlines
30:28 Husbandry
30:41 Forging
31:29 Szlachta Privileges
32:17 Conscription
32:38 Iron Casting
32:06 Cavalier
38:00 Blast Furnace
37:34 Lechitic Legacy
38:08 Light Cavalry
40:39 Winged Hussar
48:54 Town Watch
Wigglz2
11:08 Feudal Age
14:45 Castle Age
13:29 Horse Collar
13:38 Double-Bit Axe
18:04 Husbandry
23:02 Wheelbarrow
22:00 Pikeman
24:40 Stone Mining
25:04 Heavy Plow
27:52 Gold Mining
29:59 Loom
30:01 Town Watch
35:25 Imperial Age
33:40 Bow Saw
34:00 Bloodlines
34:05 Forging
33:56 Scale Mail Armor
34:01 Scale Barding Armor
34:21 Ballistics
34:45 Light Cavalry
36:46 Chain Barding Armor
36:42 Chain Mail Armor
36:18 Fletching
37:04 Iron Casting
37:19 Conscription
37:22 Double Crossbow
39:22 Chemistry
38:53 Caravan
38:23 Hussar
38:30 Halberdier
39:30 Elite Ballista Elephant
McBouncy
6:46 Loom
10:19 Feudal Age
19:02 Castle Age
17:29 Stone Mining
17:44 Double-Bit Axe
18:42 Horse Collar
19:18 Bloodlines
28:27 Town Watch
31:46 Scale Barding Armor
31:51 Forging
31:53 Gold Mining
36:07 Chain Barding Armor
36:26 Iron Casting
37:12 Gold Mining
38:16 Wheelbarrow
39:15 Bow Saw
40:12 Hand Cart
40:45 Husbandry
44:42 Imperial Age
43:18 Stone Shaft Mining
44:32 Heavy Plow
44:58 Elite Jarl
46:00 Caravan
48:22 Conscription
48:39 Plate Barding Armor
49:04 Blast Furnace
49:47 Light Cavalry
50:40 Hussar
Connection lost

Rejoining the realm…

Still unreachable

The connection could not be restored.

Session expired

The server has moved on; the page needs a fresh start.